 Dungeon Crawl Stone Soup version 0.24.0-123-gd5b16e6ec5 (webtiles) character file.

Game seed: 4513774162576916910, levelgen mode: deterministic

245 FishyPogo the Stinger (level 5, -8/30 HPs)
             Began as a Deep Elf Venom Mage on Feb 10, 2020.
             Was a Follower of Nemelex Xobeh.
             Killed from afar by an orc wizard (12 damage)
             ... with a puff of flame
             ... on level 3 of the Dungeon.
             The game lasted 00:06:03 (2020 turns).

FishyPogo the Stinger (Deep Elf Venom Mage)         Turns: 2020, Time: 00:06:05

Health: -8/30      AC:  2    Str:  5    XL:     5   Next: 83%
Magic:  5/11       EV: 13    Int: 21    God:    Nemelex Xobeh [*.....]
Gold:   201        SH:  0    Dex: 15    Spells: 7/10 levels left

rFire    . . .     SeeInvis .   e - +0 short sword
rCold    . . .     Gourm    .   (no shield)
rNeg     . . .     Faith    .   a - +0 robe
rPois    .         Spirit   .   (no helmet)
rElec    .         Reflect  .   (no cloak)
rCorr    .         Harm     .   (no gloves)
MR       .....     Rnd*Tele +   (no boots)
Stlth    ++........             (no amulet)
HPRegen  0.10/turn              b - ring of teleportation (curse)
MPRegen  0.12/turn              (no ring)

@: no status effects
A: no striking features
a: Draw Escape, Draw Destruction, Draw Summoning, Renounce Religion


You were on level 3 of the Dungeon.
You worshipped Nemelex Xobeh.
Nemelex Xobeh was aware of your devotion.
You were not hungry.

You visited 1 branch of the dungeon, and saw 3 of its levels.

You collected 201 gold pieces.

Inventory:

Hand Weapons
 e - a +0 short sword (weapon)
Missiles
 i - 178 stones (quivered)
 l - 6 boomerangs
 r - 2 throwing nets
Armour
 a - a +0 robe (worn)
Jewellery
 b - a cursed ring of teleportation (left hand)
Scrolls
 f - 4 scrolls of identify {unknown}
 g - a scroll of amnesia {unknown}
 k - 2 scrolls of remove curse {unknown}
 p - 2 scrolls of teleportation {unknown}
 q - a scroll of enchant armour {unknown}
Potions
 d - a potion of magic {unknown}
 j - a potion of curing
Comestibles
 c - 2 rations
 m - a chunk of flesh


   Skills:
 + Level 1.9 Fighting
 * Level 3.2 Short Blades
 - Level 3.0 Dodging
 - Level 3.0 Stealth
 - Level 3.0 Spellcasting
 - Level 2.5 Conjurations
 - Level 4.2 Poison Magic


You had 7 spell levels left.
You knew the following spells:

 Your Spells              Type           Power        Failure   Level  Hunger
a - Sting                 Conj/Pois      ###.         3%          1    None
b - Poisonous Vapours     Pois/Air       ##....       9%          2    ##.....

Your spell library contained the following spells:

 Spells                   Type           Power        Failure   Level  Hunger
 Mephitic Cloud           Conj/Pois/Air  ##......     16%         3    ###....
 Olgreb's Toxic Radiance  Pois           ###.....     24%         4    ####...
 Venom Bolt               Conj/Pois      ###.......   67%         5    ######.


Dungeon Overview and Level Annotations

Branches:
Dungeon (3/15)

Altars:
Nemelex Xobeh
Trog


Message History

The puff of flame misses you.
Casting: Sting (safe; 3% risk of failure)
Confirm with . or Enter, or press ? or * to list all spells.
Aiming: Sting (safe; 3% risk of failure)
Press: ? - help, Shift-Dir - straight line, f/p - orc wizard
Aim: an orc wizard, wielding a +1 dagger of pain and wearing a +0 robe (heavily wounded, poisoned)
The sting misses the orc wizard.
The orc wizard barely misses you. Something hits you.
* * * LOW HITPOINT WARNING * * *
Unknown command.
You draw a card...
You have drawn the Elixir.
You begin rapidly regenerating.
The orc wizard misses you. Something hits you.
* * * LOW HITPOINT WARNING * * *
The orc wizard gestures wildly while chanting.
The orc wizard seems to speed up.
You hear some strange, mumbled words.
A puff of flame appears from out of thin air!
The puff of flame hits you!
You die...
Your body disappears without a glow.

.........# .........#
.<.......# .........# ##
.........## .##
.......)..######..#
#.....o..#.......#
#.......#.......#
#...=.@.#.......####
#......†............
#...................
#........÷......####.
#.....[...............
#...........<....###.#
#.####..#........###.###
#. #..#.####.#...$.#..
#....# #..........


You could see an orc wizard.

Vanquished Creatures
  Sigmund (D:2)
  2 adders (D:2)
  A worm (D:3)
  A leopard gecko (D:3)
  An orc (D:3)
  6 giant cockroaches
  4 goblins
  8 hobgoblins
  10 jackals
  A quokka (D:3)
  7 bats
  5 frilled lizards
  7 kobolds
  5 rats
59 creatures vanquished.

Vanquished Creatures (others)
  An orc (D:3)
1 creature vanquished.

Grand Total: 60 creatures vanquished

Notes
Turn   | Place    | Note
-------+----------+-------------------------------------------
     0 | D:1      | FishyPogo the Deep Elf Venom Mage began the quest for the
                  | Orb.
     0 | D:1      | Reached XP level 1. HP: 10/10 MP: 6/6
   200 | D:1      | Reached XP level 2. HP: 16/16 MP: 4/8
   204 | D:1      | Learned a level 2 spell: Poisonous Vapours
   654 | D:1      | Reached skill level 1 in Short Blades
   654 | D:1      | Reached XP level 3. HP: 20/20 MP: 6/9
  1144 | D:2      | Reached skill level 1 in Fighting
  1430 | D:2      | Found a faded altar of an unknown god.
  1432 | D:2      | Became a worshipper of Nemelex Xobeh the Trickster
  1432 | D:2      | Received a gift from Nemelex Xobeh
  1432 | D:2      | Received a gift from Nemelex Xobeh
  1432 | D:2      | Reached * piety under Nemelex Xobeh
  1533 | D:2      | Found a bloodstained altar of Trog.
  1582 | D:2      | Reached XP level 4. HP: 18/25 MP: 0/10
  1669 | D:2      | Noticed Sigmund
  1680 | D:2      | HP: 1/25 [Sigmund/+0 scythe (12)]
  1695 | D:2      | Killed Sigmund
  1695 | D:2      | Reached skill level 4 in Poison Magic
  1695 | D:2      | Reached XP level 5. HP: 16/30 MP: 6/11
  2020 | D:3      | Killed from afar by an orc wizard

Levels and vault maps discovered:
D:1:      dpeg_arrival_rooms_c, layout_basic
D:2:      layout_loops_ring, chequers_ecumenical_altar_twisty,
          chequers_serial_rivers_large_a, trog_hazing_becter, uniq_sigmund
D:3:      layout_rooms, minmay_hedge_maze

Skill      XL: |  1  2  3  4 |
---------------+-------------+-----
Short Blades   | 1 3 |  3.2
Fighting       | 1 |  1.9
Stealth        | 3 |  3.0
Dodging        | 3 |  3.0
Conjurations   | 2 |  2.5
Poison Magic   | 4 |  4.2
Spellcasting   | |  3.0

Action                   |  1- 3 |  4- 6 || total
-------------------------+-------+-------++-------
Melee: Unarmed           |     9 |     7 ||    16
       Short sword       |    44 |     9 ||    53
 Cast: Sting             |    70 |    23 ||    93
       Poisonous Vapours |    10 |     3 ||    13
 Abil: Draw Destruction  |       |     3 ||     3
       Draw Escape       |       |     1 ||     1
  Use: Potion            |       |     4 ||     4
  Eat: Chunk             |     2 |     2 ||     4
Armor: Robe              |    11 |     1 ||    12
       Skin              |       |     5 ||     5
Dodge: Dodged            |    65 |    13 ||    78
